 Dungeon Crawl Stone Soup version 0.15.0-9-g1a96a59 (webtiles) character file.

7664 tizzy the Quickloader (level 10, -10/95 HPs)
             Began as a Minotaur Hunter on Aug 30, 2014.
             Was a High Priest of Okawaru.
             Mangled by an orc warrior
             ... wielding a +0 war axe
              (15 damage)
             ... on Level 9 of the Dungeon.
             The game lasted 00:42:36 (10722 turns).

tizzy the Quickloader (Minotaur Hunter)            Turns: 10722, Time: 00:42:36

HP -10/95        AC 11     Str 23      XL: 10   Next: 99%
MP   4/4         EV 11     Int  9      God: Okawaru [*****.]
Gold 426         SH  0     Dex 12      Spells:  0 memorised,  9 levels left

rFire  + + .     SeeInvis +     i - +5 hand crossbow of Integrity {elec, +Inv SInv}
rCold  . . .     Clarity  .     H - +3 salamander hide armour {+Rage rF++}
rNeg   . . .     rCorr    .     (no shield)
rPois  .         rRot     .     (helmet restricted)
rElec  .         Spirit   .     A - +2 cloak
SustAb .         Warding  .     E - +0 pair of gloves
rMut   .         Stasis   .     r - +0 pair of boots
Gourm  .                        (no amulet)
MR     .....                    (no ring)
                                k - ring of wizardry

@: mighty, very slightly contaminated, invisible, not resistant to hostile
enchantments, very unstealthy
A: retaliatory headbutt, horns 2
a: Heroism, Finesse, Renounce Religion, Evoke Berserk Rage


You were on level 9 of the Dungeon.
You worshipped Okawaru.
Okawaru was extremely pleased with you.
You were not hungry.

You visited 2 branches of the dungeon, and saw 11 of its levels.

You collected 501 gold pieces.
You spent 75 gold pieces at shops.

Inventory:

Hand weapons
 b - a +1 hand crossbow
 i - the +5 hand crossbow of Integrity (weapon) {elec, +Inv SInv}
   (You found it on level 4 of the Dungeon)

   It charges the ammunition it shoots with electricity; occasionally upon a
   hit, such missiles may discharge and cause terrible harm.
   It enhances your eyesight.
   It lets you turn invisible.
 F - a +1 hand axe of electrocution
Missiles
 c - 23 bolts (quivered)
 M - 16 silver bolts
 R - 19 bolts of flame
Armour
 r - a +0 pair of boots (worn)
 A - a +2 cloak (worn)
 E - a +0 pair of gloves (worn)
 H - the +3 salamander hide armour (worn) {+Rage rF++}
   (You found it on level 9 of the Dungeon)

   It greatly protects you from fire.
   It lets you go berserk.
Magical devices
 t - a wand of enslavement (15)
 u - a wand of cold (2)
 v - a wand of disintegration (0)
 J - a wand of polymorph (10)
 L - a wand of random effects (20)
 N - a wand of polymorph (15)
 O - a wand of lightning (6)
 Q - a wand of draining (4)
Comestibles
 f - 8 bread rations
 g - 5 meat rations
 o - 6 fruits
Scrolls
 a - 4 scrolls of teleportation
 d - 2 scrolls of amnesia {unknown}
 j - 8 scrolls of remove curse
 l - 10 scrolls of identify {unknown}
 m - 2 scrolls of random uselessness {unknown}
 n - a scroll of immolation {unknown}
 p - 2 scrolls of fog {unknown}
 q - a scroll of magic mapping
 s - 2 scrolls of fear {unknown}
 B - a scroll of blinking {unknown}
 D - a scroll of enchant armour
 G - 2 scrolls of enchant weapon
 S - a scroll of brand weapon {unknown}
Jewellery
 k - a ring of wizardry (left hand)
 y - an uncursed ring of ice
Potions
 e - 2 potions of brilliance
 h - a potion of haste {unknown}
 w - 2 potions of might
 x - 2 potions of flight
 C - a potion of poison {unknown}
 I - 4 potions of curing
 K - 2 potions of invisibility
Books
 z - a book of Maledictions

   Spells                             Type                      Level
   Corona                             Hexes                        1
   Sure Blade                         Hexes/Charms                 2
   Ensorcelled Hibernation            Hexes/Ice                    2
   Confuse                            Hexes                        3
   Dazzling Spray                     Conjuration/Hexes            3
   Enslavement                        Hexes                        4


   Skills:
 + Level 11.1 Fighting
 + Level 10.1 Axes
 + Level 12.6 Crossbows
 - Level 2.1 Dodging
 - Level 0.7 Stealth


You had 9 spell levels left.
You didn't know any spells.

Dungeon Overview and Level Annotations

Branches:
Dungeon (10/15)            Temple (1/1) D:5
    Orc: D:9-12        Lair: D:8-11

Altars:
Ashenzari
Dithmenos
Okawaru
Sif Muna
Trog
Vehumet
Xom
Zin
The Shining One

Shops:
D:5 (


Innate Abilities, Weirdness & Mutations

You reflexively headbutt those who attack you in melee.
You have a pair of horns on your head.


Message History

Press: ? - help, Shift-Dir - straight line, f/p - orc warrior
Aim: an orc warrior, wielding a war axe and wearing a chain mail (almost dead)
You shoot a bolt.
The bolt closely misses the orc warrior.
Firing (i - inventory. (,) - cycle):
c - 24 bolts (quivered)
Press: ? - help, Shift-Dir - straight line, f/p - orc warrior
Aim: an orc warrior, wielding a war axe and wearing a chain mail (almost dead)
You shoot a bolt.
The bolt closely misses the orc warrior.
The orc warrior hits you with a war axe!
* * * LOW HITPOINT WARNING * * *
Drink which item? (? for menu, Esc to quit)
You fade into invisibility!
It was a potion of invisibility.
The orc warrior closely misses you.
You are very lightly contaminated with residual magic.
Drink which item? (? for menu, Esc to quit)
You feel very mighty all of a sudden.
It was a potion of might.
The orc warrior hits you with a war axe!
You die...

####...##'####...## #....
#...+....#.###.# #....
#...#....##...## #....
#...###'####.## #....
#........##...#####...
#.........##.##.# #...
####...............###...
#...##+###'##+#...#.....#
#(..'.(o@.....'...+.....+
#.>.#.#########...#.###+#
#######.........###.#....
#.........'...#....
#.........#...'....
#.........#...#....
######.........##..#..<.
#..#..#+##'##+####'##...
#..'.....'.+........+...


You could see an orc warrior.

Vanquished Creatures
  A hill giant (D:10)
  A gargoyle (D:10)
  A hydra skeleton (D:8)
  12 yaks (D:9)
  A hungry ghost (D:9)
  3 orc warriors
  A water moccasin (D:9)
  A black bear (D:6)
  5 sky beasts
  3 phantoms
  A necrophage (D:9)
  5 ogres
  2 crocodiles (D:9)
  7 giant frogs
  3 big kobolds
  5 killer bees
  An eye of draining (D:9)
  4 scorpions
  2 spriggan skeletons (D:9)
  13 wights
  5 hounds
  5 crimson imps
  A centaur zombie (D:8)
  A giant frog zombie (D:6)
  2 goliath beetles
  2 iguanas
  A giant frog skeleton (D:5)
  3 orc priests
  2 orc wizards
  10 worker ants
  A big kobold skeleton (D:6)
  3 gnolls (D:3)
  9 adders
  A shadow imp (D:8)
  2 giant mites
  2 worms
  An adder zombie (D:9)
  4 giant geckos
  28 orcs
  2 ball pythons
  2 giant cockroaches
  10 hobgoblins
  14 jackals
  53 kobolds
  4 quokkas
  21 bats
  3 giant newts (D:1)
  13 goblins
  A kobold zombie (D:5)
  An orc skeleton (D:4)
  A quokka zombie (D:6)
  20 rats
  A rat zombie (D:6)
  2 ballistomycetes (D:6)
  A fungus (D:10)
  2 plants (D:5)
306 creatures vanquished.

Vanquished Creatures (others)
  An orc wizard (D:2)
  A bat (D:6)
  A giant spore (D:6)
  A fungus (D:10)
4 creatures vanquished.

Grand Total: 310 creatures vanquished

Notes
Turn   | Place    | Note
--------------------------------------------------------------
     0 | D:1      | tizzy, the Minotaur Hunter, began the quest for the Orb.
     0 | D:1      | Reached XP level 1. HP: 16/16 MP: 1/1
   104 | D:1      | Reached XP level 2. HP: 23/23 MP: 1/1
   190 | D:1      | Reached skill level 5 in Crossbows
   708 | D:2      | Found a glowing silver altar of Zin.
   769 | D:2      | Reached XP level 3. HP: 26/28 MP: 2/2
  1311 | D:2      | Reached skill level 6 in Crossbows
  1334 | D:2      | Reached XP level 4. HP: 23/35 MP: 2/2
  1653 | D:3      | Found an iron altar of Okawaru.
  1666 | D:3      | Became a worshipper of Warmaster Okawaru
  2555 | D:2      | Reached skill level 7 in Crossbows
  2555 | D:2      | Reached XP level 5. HP: 27/40 MP: 2/2
  2794 | D:4      | Got a warped hand crossbow
  2803 | D:4      | Identified the +5 hand crossbow of Integrity {elec, +Inv SInv} (You found it on level 4 of the Dungeon)
  2836 | D:4      | Noticed an ogre
  2838 | D:4      | Killed an ogre
  2855 | D:4      | Reached skill level 8 in Crossbows
  2896 | D:4      | Found a shadowy altar of Dithmenos.
  2896 | D:4      | Found a deep blue altar of Sif Muna.
  2897 | D:4      | Reached XP level 6. HP: 47/47 MP: 3/3
  2972 | D:3      | Found a glowing golden altar of the Shining One.
  3002 | D:5      | Entered Level 5 of the Dungeon
  3065 | D:4      | Found a glowing golden altar of the Shining One.
  3490 | D:5      | Found a radiant altar of Vehumet.
  3597 | D:5      | Acquired Okawaru's first power
  3636 | D:5      | Reached XP level 7. HP: 46/57 MP: 3/3
  3747 | D:5      | Reached skill level 9 in Crossbows
  4337 | D:5      | Found a staircase to the Ecumenical Temple.
  4345 | Temple   | Entered the Ecumenical Temple
  4376 | D:5      | Found Klele's Antique Weapon Shoppe.
  4379 | D:5      | Bought a runed hand axe for 75 gold pieces
  4494 | D:5      | Reached skill level 1 in Axes
  4723 | D:6      | Found a shimmering altar of Xom.
  4736 | D:6      | Reached skill level 5 in Fighting
  4757 | D:6      | Reached XP level 8. HP: 61/69 MP: 3/3
  5374 | D:5      | Reached skill level 10 in Crossbows
  5895 | D:7      | Reached skill level 5 in Axes
  6029 | D:7      | Reached XP level 9. HP: 66/79 MP: 4/4
  6398 | D:7      | Found a shattered altar of Ashenzari.
  7921 | D:8      | Reached skill level 11 in Crossbows
  8328 | D:8      | Received a gift from Okawaru
  8469 | D:8      | Found a bloodstained altar of Trog.
  9048 | D:9      | Reached XP level 10. HP: 91/91 MP: 4/4
  9171 | D:9      | Reached skill level 10 in Fighting
  9304 | D:9      | Reached skill level 12 in Crossbows
  9759 | D:9      | Acquired Okawaru's second power
  9991 | D:10     | Entered Level 10 of the Dungeon
 10150 | D:10     | Noticed a hill giant
 10268 | D:10     | Noticed a hill giant
 10274 | D:10     | Killed a hill giant
 10274 | D:10     | Received a gift from Okawaru
 10274 | D:10     | Reached skill level 10 in Axes
 10722 | D:9      | Mangled by an orc warrior

Action                   |  1- 3 |  4- 6 |  7- 9 | 10-12 || total
-------------------------+-------+-------+-------+-------++-------
Melee: Short sword       |    79 |       |       |       ||    79
       Dagger            |    16 |   131 |    76 |       ||   223
       Hand axe          |       |       |   252 |    23 ||   275
 Fire: Hand crossbow     |    12 |    33 |   104 |   148 ||   297
Evoke: Wand              |       |       |     9 |     1 ||    10
  Use: Potion            |       |     7 |       |     2 ||     9
       Scroll            |       |     4 |       |     1 ||     5
  Eat: Chunk             |       |     7 |    14 |       ||    21
       Pizza             |       |       |     1 |       ||     1
       Fruit             |       |       |     4 |       ||     4
       Meat ration       |       |       |       |     1 ||     1
